PAA
CHESAPEAKE CONTINENTALS @ RICHLAND RAILS
07/01/2031
 
TOP OF THE 1ST
Chesapeake Continentals batting - Pitching for Richland Rails : RHP Matko Perisc
Pitching: RHP Matko Perisc
Batting: RHB Dani Durán 0-0: Swinging Strike
0-1: Foul Ball, location: 2F
0-2: Fly out, F7 (Flyball, 7)
Batting: RHB Ray Walker 0-0: SOLO HOME RUN (Flyball, 78XD), Distance : 369 ft
Batting: RHB Arturo Scantlebury 0-0: Ball
1-0: Called Strike
1-1: Ground out 5-3 (Groundball, 56)
Batting: RHB Brian Moring 0-0: Ball
1-0: SINGLE (Flyball, 9S)
Batting: LHB Bart Walton 0-0: Ground out U3 (Groundball, 34S)
Top of the 1st over - 1 run, 2 hits, 0 errors, 1 left on base; Chesapeake 1 - Richland 0
BOTTOM OF THE 1ST
Richland Rails batting - Pitching for Chesapeake Continentals : RHP Iwane Chihara
Pitching: RHP Iwane Chihara
Batting: RHB Alejandro Herrera 0-0: Ball
1-0: Called Strike
1-1: Ball
2-1: Swinging Strike
2-2: Strikes out swinging
Batting: LHB Jared Morningstar 0-0: Ground out 4-3 (Groundball, 34)
Batting: SHB Tony Manzanares 0-0: Ball
1-0: Foul Ball, location: 2F
1-1: Swinging Strike
1-2: Strikes out looking
Bottom of the 1st over - 0 runs, 0 hits, 0 errors, 0 left on base; Chesapeake 1 - Richland 0
TOP OF THE 2ND
Chesapeake Continentals batting - Pitching for Richland Rails : RHP Matko Perisc
Batting: RHB Santiago Valentín 0-0: Fly out, F9 (Flyball, 9D)
Batting: LHB Bartholomew Bailey 0-0: Ball
1-0: Swinging Strike
1-1: Swinging Strike
1-2: Fly out, F8 (Flyball, 78D)
Batting: LHB Mathias Gudmestad 0-0: Ball
1-0: Ball
2-0: Foul Ball, location: 2F
2-1: Ball
3-1: Base on Balls
Batting: RHB Otton Dis 0-0: Called Strike
0-1: Ball
1-1: Foul Ball, location: 2F
1-2: Fly out, F3 (Line Drive, 3)
Top of the 2nd over - 0 runs, 0 hits, 0 errors, 1 left on base; Chesapeake 1 - Richland 0
BOTTOM OF THE 2ND
Richland Rails batting - Pitching for Chesapeake Continentals : RHP Iwane Chihara
Batting: RHB León Preciado 0-0: Called Strike
0-1: Ball
1-1: Foul Ball, location: 2F
1-2: Foul Ball, location: 2F
1-2: Ball
2-2: Strikes out swinging
Batting: RHB Leon Carlisle 0-0: Foul Ball, location: 2F
0-1: Fly out, F9 (Flyball, 9S)
Batting: RHB Yoichibei Chikafuji 0-0: Ball
1-0: Called Strike
1-1: Ball
2-1: Swinging Strike
2-2: Foul Ball, location: 2F
2-2: Foul Ball, location: 2F
2-2: DOUBLE (Flyball, 89XD)
Batting: RHB Luo-lang Li 0-0: Ball
1-0: Swinging Strike
1-1: Fly out, F8 (Flyball, 8RXD)
Bottom of the 2nd over - 0 runs, 1 hit, 0 errors, 1 left on base; Chesapeake 1 - Richland 0
TOP OF THE 3RD
Chesapeake Continentals batting - Pitching for Richland Rails : RHP Matko Perisc
Batting: RHB Dani Durán 0-0: Ball
1-0: Ball
2-0: Ball
3-0: Called Strike
3-1: Called Strike
3-2: Foul Ball, location: 2F
3-2: Foul Ball, location: 2F
3-2: Foul Ball, location: 2F
3-2: Base on Balls
Batting: RHB Ray Walker 0-0: Fielders Choice at 2nd, 4-6 (Groundball, 4M)
Batting: RHB Arturo Scantlebury 0-0: Foul Ball, location: 2F
0-1: Called Strike
0-2: Grounds into double play, 4-6-3 (Groundball, 4)
Top of the 3rd over - 0 runs, 0 hits, 0 errors, 0 left on base; Chesapeake 1 - Richland 0
BOTTOM OF THE 3RD
Richland Rails batting - Pitching for Chesapeake Continentals : RHP Iwane Chihara
Now in LF: Wes Griffith
Batting: LHB Juan Rosado 0-0: Ball
1-0: Called Strike
1-1: Foul Ball, location: 2F
1-2: Ball
2-2: Ball
3-2: Foul Ball, location: 2F
3-2: Foul Ball, location: 2F
3-2: Foul Ball, location: 2F
3-2: Strikes out looking
Batting: RHB Dan Cummings 0-0: Swinging Strike
0-1: Called Strike
0-2: Strikes out swinging
Batting: RHB Alejandro Herrera 0-0: Called Strike
0-1: Foul Ball, location: 2F
0-2: Ball
1-2: Foul Ball, location: 2F
1-2: Foul Ball, location: 2F
1-2: Foul Ball, location: 2F
1-2: Ball
2-2: SINGLE (Groundball, 6MD)
Batting: LHB Jared Morningstar 0-0: Called Strike
Alejandro Herrera steals 2nd base
0-1: Ball
1-1: Foul Ball, location: 2F
1-2: Ball
2-2: Ball
3-2: Strikes out swinging
Bottom of the 3rd over - 0 runs, 1 hit, 0 errors, 1 left on base; Chesapeake 1 - Richland 0
TOP OF THE 4TH
Chesapeake Continentals batting - Pitching for Richland Rails : RHP Matko Perisc
Batting: RHB Brian Moring 0-0: Ball
1-0: Fly out, F7 (Flyball, 7S)
Batting: LHB Bart Walton 0-0: Ball
1-0: Ground out U3 (Groundball, 34)
Batting: RHB Santiago Valentín 0-0: Ball
1-0: Fly out, F4 (Popup, P)
Top of the 4th over - 0 runs, 0 hits, 0 errors, 0 left on base; Chesapeake 1 - Richland 0
BOTTOM OF THE 4TH
Richland Rails batting - Pitching for Chesapeake Continentals : RHP Iwane Chihara
Batting: SHB Tony Manzanares 0-0: Ball
1-0: Called Strike
1-1: Ball
2-1: Called Strike
2-2: SINGLE (Line Drive, 34D)
Batting: RHB León Preciado 0-0: Ball
1-0: Foul Ball, location: 2F
1-1: Ball
2-1: Ball
3-1: Foul Ball, location: 2F
3-2: Foul Ball, location: 2F
3-2: Fly out, F8 (Flyball, 89XD)
Runner from 1st tags up, SAFE at 2nd
Batting: RHB Leon Carlisle 0-0: Ball
1-0: Ground out 5-3 (Groundball, 56)
Batting: RHB Yoichibei Chikafuji 0-0: Ball
1-0: Ball
2-0: Called Strike
2-1: Foul Ball, location: 2F
2-2: Strikes out looking
Bottom of the 4th over - 0 runs, 1 hit, 0 errors, 1 left on base; Chesapeake 1 - Richland 0
TOP OF THE 5TH
Chesapeake Continentals batting - Pitching for Richland Rails : RHP Matko Perisc
Batting: LHB Bartholomew Bailey 0-0: Ball
1-0: Ball
2-0: Ball
3-0: Base on Balls
Batting: LHB Mathias Gudmestad 0-0: Sac Bunt - play at first, batter OUT! 5-3
Bartholomew Bailey to second
Batting: RHB Otton Dis 0-0: Ground out 4-3 (Groundball, 4)
Bartholomew Bailey to third
Batting: RHB Wes Griffith 0-0: Called Strike
0-1: Foul Ball, location: 2F
0-2: Foul Ball, location: 2F
0-2: Strikes out swinging
Top of the 5th over - 0 runs, 0 hits, 0 errors, 1 left on base; Chesapeake 1 - Richland 0
BOTTOM OF THE 5TH
Richland Rails batting - Pitching for Chesapeake Continentals : RHP Iwane Chihara
Batting: RHB Luo-lang Li 0-0: Fly out, F7 (Flyball, 7S)
Batting: LHB Juan Rosado 0-0: Ball
1-0: Ball
2-0: SINGLE (Groundball, 56D)
Batting: RHB Dan Cummings 0-0: Ball
1-0: Called Strike
1-1: Ball
2-1: Called Strike
Juan Rosado steals 2nd base
2-2: Ball
3-2: Foul Ball, location: 2F
3-2: Strikes out swinging
Batting: RHB Alejandro Herrera 0-0: Ball
1-0: Ground out 5-3 (Groundball, 5)
Bottom of the 5th over - 0 runs, 1 hit, 0 errors, 1 left on base; Chesapeake 1 - Richland 0
TOP OF THE 6TH
Chesapeake Continentals batting - Pitching for Richland Rails : RHP Matko Perisc
Batting: RHB Ray Walker 0-0: Ball
1-0: Called Strike
1-1: SINGLE (Flyball, 9S)
Batting: RHB Arturo Scantlebury 0-0: Ball
1-0: Foul Ball, location: 2F
1-1: Swinging Strike
1-2: 2-RUN HOME RUN (Flyball, 9D), Distance : 349 ft
Batting: RHB Brian Moring 0-0: Foul Ball, location: 2F
0-1: DOUBLE (Line Drive, 8RXD) - OUT at third base trying to stretch hit.
Batting: LHB Bart Walton 0-0: Called Strike
0-1: DOUBLE (Line Drive, 9LM)
Batting: RHB Santiago Valentín 0-0: Ball
1-0: Called Strike
1-1: Ball
2-1: Fly out, F9 (Flyball, 9S)
Batting: LHB Bartholomew Bailey 0-0: Fly out, F8 (Flyball, 78D)
Top of the 6th over - 2 runs, 4 hits, 0 errors, 1 left on base; Chesapeake 3 - Richland 0
BOTTOM OF THE 6TH
Richland Rails batting - Pitching for Chesapeake Continentals : RHP Iwane Chihara
Batting: LHB Jared Morningstar 0-0: Ball
1-0: Called Strike
1-1: Ground out 4-3 (Groundball, 4)
Batting: SHB Tony Manzanares 0-0: Ball
1-0: Foul Ball, location: 2F
1-1: Fly out, F7 (Flyball, 7LM)
Batting: RHB León Preciado 0-0: Ball
1-0: Ball
2-0: Called Strike
2-1: Swinging Strike
2-2: Ball
3-2: Base on Balls
Batting: RHB Leon Carlisle 0-0: Ball
1-0: 2-RUN HOME RUN (Flyball, 7D), Distance : 371 ft
Batting: RHB Yoichibei Chikafuji 0-0: Foul Ball, location: 2F
0-1: Ball
1-1: Ball
2-1: Called Strike
2-2: Ground out 6-3 (Groundball, 6)
Bottom of the 6th over - 2 runs, 1 hit, 0 errors, 0 left on base; Chesapeake 3 - Richland 2
TOP OF THE 7TH
Chesapeake Continentals batting - Pitching for Richland Rails : RHP Matko Perisc
Batting: LHB Mathias Gudmestad 0-0: Foul Ball, location: 2F
0-1: Called Strike
0-2: Ground out 4-3 (Groundball, 4)
Batting: RHB Otton Dis 0-0: Called Strike
0-1: Called Strike
0-2: Ground out U3 (Groundball, 34S)
Batting: RHB Wes Griffith 0-0: Foul Ball, location: 2F
0-1: Ball
1-1: Ball
2-1: Foul Ball, location: 2F
2-2: Strikes out looking
Top of the 7th over - 0 runs, 0 hits, 0 errors, 0 left on base; Chesapeake 3 - Richland 2
BOTTOM OF THE 7TH
Richland Rails batting - Pitching for Chesapeake Continentals : RHP Iwane Chihara
Pitching: RHP Juan Valdéz
Batting: RHB Luo-lang Li 0-0: Ball
1-0: Called Strike
1-1: Fly out, F9 (Flyball, 9)
Batting: LHB Juan Rosado 0-0: Called Strike
0-1: Ball
1-1: Ball
2-1: Ball
3-1: Swinging Strike
3-2: Ground out 5-3 (Groundball, 56S)
Batting: RHB Dan Cummings 0-0: Ball
1-0: Ball
2-0: Fly out, F7 (Flyball, 78D)
Bottom of the 7th over - 0 runs, 0 hits, 0 errors, 0 left on base; Chesapeake 3 - Richland 2
TOP OF THE 8TH
Chesapeake Continentals batting - Pitching for Richland Rails : RHP Matko Perisc
Pitching: RHP Juan Rúbio
Batting: RHB Ray Walker 0-0: Ball
1-0: Ball
2-0: Called Strike
2-1: Ball
3-1: Base on Balls
Batting: RHB Arturo Scantlebury 0-0: Ball
1-0: Called Strike
1-1: Foul Ball, location: 2F
1-2: Strikes out swinging
Batting: RHB Brian Moring 0-0: Ball
1-0: Called Strike
1-1: Called Strike
1-2: Strikes out swinging
Batting: LHB Bart Walton 0-0: Ball
1-0: Ball
2-0: Ball
3-0: Called Strike
3-1: Called Strike
3-2: Base on Balls
Ray Walker to second
Pinch Hitting: LHB Raphaël Duval 0-0: Swinging Strike
0-1: Swinging Strike
0-2: Foul Ball, location: 2F
0-2: Ground out 4-3 (Groundball, 34D)
Top of the 8th over - 0 runs, 0 hits, 0 errors, 2 left on base; Chesapeake 3 - Richland 2
BOTTOM OF THE 8TH
Richland Rails batting - Pitching for Chesapeake Continentals : RHP Juan Valdéz
Now at 3B: Mark Sawyer
Batting: RHB Alejandro Herrera 0-0: Ground out 5-3 (Groundball, 5L)
Batting: LHB Jared Morningstar 0-0: Ball
1-0: Ball
2-0: SINGLE (Line Drive, 4)
Pinch Runner at 1st Ernesto Carrión:
Batting: SHB Tony Manzanares 0-0: Ball
1-0: SINGLE (Flyball, 7LS)
Ernesto Carrión to second
Batting: RHB León Preciado 0-0: Ball
1-0: Fly out, F8 (Flyball, 8RM)
Batting: RHB Leon Carlisle 0-0: Fly out, F9 (Flyball, 9LM)
Bottom of the 8th over - 0 runs, 2 hits, 0 errors, 2 left on base; Chesapeake 3 - Richland 2
TOP OF THE 9TH
Chesapeake Continentals batting - Pitching for Richland Rails : RHP Juan Rúbio
Pitching: RHP Hiroaki Nakagawa
Now at 3B: Fytor Ceia
Batting: LHB Bartholomew Bailey 0-0: Called Strike
0-1: Ball
1-1: Ball
2-1: Ball
3-1: Called Strike
3-2: Base on Balls
Batting: LHB Mathias Gudmestad 0-0: Bunted foul
0-1: Sac Bunt - play at first, batter OUT! 3-4
Bartholomew Bailey to second
Pinch Hitting: RHB Obi Jones 0-0: Intentional Walk
Batting: RHB Wes Griffith 0-0: Called Strike
0-1: Fielders Choice at 2nd, 6-4 (Groundball, 6)
Bartholomew Bailey to third
Batting: RHB Ray Walker 0-0: Ball
1-0: Ground out 4-3 (Groundball, 4)
Top of the 9th over - 0 runs, 0 hits, 0 errors, 2 left on base; Chesapeake 3 - Richland 2
BOTTOM OF THE 9TH
Richland Rails batting - Pitching for Chesapeake Continentals : RHP Juan Valdéz
Pitching: LHP Francisco Torres
Now at SS: Manuel Ángel
Batting: RHB Yoichibei Chikafuji 0-0: Ball
1-0: Called Strike
1-1: Ball
2-1: Foul Ball, location: 2F
2-2: Strikes out swinging
Batting: RHB Luo-lang Li 0-0: SINGLE (Groundball, 34D)
Pinch Hitting: RHB Wilford Funkhouser 0-0: Foul Ball, location: 2F
0-1: Ball
1-1: Foul Ball, location: 2F
1-2: Ball
2-2: Grounds into double play, 4-6-3 (Groundball, 4)
Bottom of the 9th over - 0 runs, 1 hit, 0 errors, 0 left on base; Chesapeake 3 - Richland 2
Tuesday, June 12th, 2018 - OOTP Baseball 18.8 Build 76